 Dungeon Crawl Stone Soup version 0.32-a0-18-g89e19f1974 (webtiles) character file.

Game seed: 9669635415708489683

67 Implojin the Apothecary (level 4, 0/39 HPs)
             Began as a Naga Alchemist on Jan 16, 2024.
             Slain by Natasha (3 damage)
             ... on level 3 of the Dungeon.
             The game lasted 00:05:39 (1914 turns).

Implojin the Apothecary (Naga Alchemist)            Turns: 1914, Time: 00:05:40

Health: 0/39       AC:  4    Str: 13    XL:     4   Next: 18%
Magic:  7/7        EV:  8    Int: 21    God:
Gold:   110        SH:  0    Dex: 11    Spells: 6/7 levels left

rFire   . . .        a - +0 short sword
rCold   . . .        (no shield)
rNeg    . . .        p - +0 ring mail
rPois   +            (no helmet)
rElec   .            (no cloak)
rCorr   .            u - +0 pair of gloves {hurl}
SInv    +            (no barding)
Will    .....        (no amulet)
Stlth   +            m - +6 ring of intelligence
HPRegen 0.26/turn    (no ring)
MPRegen 0.10/turn

%: no passive effects
@: slowed, very slow
A: AC +1, large, see invisible, deformed body, poison resistance, slowness 2,
spit poison 1, naga tail 1
a: Spit Poison


You were on level 3 of the Dungeon.
You visited 1 branch of the dungeon, and saw 3 of its levels.

You collected 110 gold pieces.

Inventory:

Hand Weapons
 a - a +0 short sword (weapon)
 b - a +0 sling
Missiles
 d - 6 javelins
Armour
 e - a +0 plate armour
 f - a +0 scale mail
 l - a +0 leather armour
 p - a +0 ring mail (worn)
 u - a +0 pair of gloves of hurling (worn)
Jewellery
 m - a +6 ring of intelligence (left hand)
Talismans
 k - a flux talisman
Scrolls
 h - 2 scrolls of amnesia
 o - a scroll of enchant weapon
 r - a scroll of blinking
 v - a scroll of torment
Potions
 c - a potion of resistance {unknown}
 g - a potion of magic
 i - a potion of curing {unknown}
 j - 2 potions of heal wounds
 q - a potion of berserk rage {unknown}
 s - 2 potions of attraction {unknown}
 t - a potion of haste {unknown}


   Skills:
 - Level 2.0 Fighting
 * Level 2.9 Short Blades
 - Level 1.5 Dodging
 - Level 3.0 Stealth
 - Level 2.0 Spellcasting
 - Level 1.0 Conjurations
 - Level 3.6 Alchemy


You had 6 spell levels left.
You knew the following spells:

 Your Spells              Type           Power      Damage    Failure   Level
a - Sting                 Conj/Alch      44%        1d5       13%         1

Your spell library contained the following spells:

 Spells                   Type           Power      Damage    Failure   Level
 Mercury Vapours          Alch/Air       18%        N/A       24%         2
 Summon Small Mammal      Summ           8%         N/A       32%         1
 Mephitic Cloud           Conj/Alch/Air  8%         N/A       45%         3
 Olgreb's Toxic Radiance  Alch           17%        N/A       58%         4
 Call Canine Familiar     Summ           2%         N/A       67%         3
 Sticky Flame             Fire/Alch      9%         2d5       83%         4
 Summon Blazeheart Golem  Fire/Summ      2%         N/A       97%         4
 Summon Forest            Summ/Tloc      1%         N/A       100%        5
 Summon Mana Viper        Hex/Summ       2%         N/A       100%        5
 Summon Cactus Giant      Summ           1%         N/A       100%        6


Dungeon Overview and Level Annotations

Branches:
Dungeon (3/15)

Altars:
Vehumet

Annotations:
D:2 Terence
D:3 Natasha


Innate Abilities, Weirdness & Mutations

Your serpentine skin is tough. (AC +1)
You have supernaturally acute eyesight. (SInv)
Armour fits poorly on your strangely shaped body.
Your system is resistant to poisons. (rPois)
You cover ground very slowly.
You can spit poison.
You have a snake-like lower body.


Message History

A bat comes into view.
Natasha, Servant of Life and Death comes into view.
Natasha stares at you and mumbles some strange words.
The magic dart hits you. Natasha casts a spell at you.
You feel yourself slow down.
Danger: Natasha |T2| Reason: Slow 47%, equip more Will?
Danger: Natasha |T2| Reason: Unique monster, careful!
You miss the bat. The bat barely misses you.
Natasha mumbles some strange words.
As you read the scroll labelled MUUSMO XOCENO, it crumbles to dust.
It is a scroll of identify.
h - 2 scrolls of amnesia The bat hits you but does no damage.
As you read the scroll of identify, it crumbles to dust.
o - a scroll of enchant weapon The bat completely misses you.
Natasha wildly gestures.
Natasha shimmers violently.
The bat hits you but does no damage.
As you read the scroll of identify, it crumbles to dust.
r - a scroll of blinking The cerulean imp hits you from afar with a +2 spear.
The bat hits you but does no damage.
The cerulean imp hits you from afar with a +2 spear.
As you read the scroll of identify, it crumbles to dust.
v - a scroll of torment The bat hits you but does no damage.
The bat barely misses you. The cerulean imp completely misses you.
Natasha claws you.
Danger: Low HP Warning |T2| Reason: 56% HP (22/39)
As you read the scroll of identify, it crumbles to dust.
j - 2 potions of heal wounds The bat hits you.
The cerulean imp hits you but does no damage.
Natasha stares at you and mumbles some strange words.
The magic dart hits you!
The cerulean imp hits you from afar with a +2 spear!
Natasha claws you.
You die...
Natasha begins licking her fur clean.

......... # ......##.
##...... # .........
......# . ..#.[....
#.....# # ..#.#.##.
#.....# ....#.# #.....#
# #.###.##.#
#...5.##.#.# .......#.#
##.b.h.......
#.####.#.#
#....@....... #.# #.#.#
#......###### #.# #.#.#
#......# #.#
#.#.###...####
#.####.#.......#
#..............########
######.#.##..#.........
#.#.##..##########
#.####..#


You could see Natasha, a cerulean imp (summoned) and a bat.

Vanquished Creatures
  3 adders
  2 dart slugs
  An orc (D:3)
  6 ball pythons
  An endoplasm (D:2)
  5 goblins
  3 hobgoblins
  A kobold (D:2)
  2 quokkas
  6 bats
  2 frilled lizards (D:2)
  2 rats
34 creatures vanquished.

Notes
Turn   | Place    | Note
-------+----------+-------------------------------------------
     0 | D:1      | Implojin the Naga Alchemist began the quest for the Orb.
     0 | D:1      | Reached XP level 1. HP: 15/15 MP: 3/3
   206 | D:1      | You fall into a shaft and drop 1 floor!
   216 | D:2      | Reached skill level 1 in Fighting
   237 | D:2      | Reached XP level 2. HP: 18/25 MP: 5/5
   730 | D:2      | Reached skill level 1 in Short Blades
   730 | D:2      | Reached XP level 3. HP: 30/32 MP: 6/6
   858 | D:2      | Noticed Terence
   959 | D:2      | Found a faded altar of an unknown god.
  1616 | D:3      | Found a radiant altar of Vehumet.
  1768 | D:3      | Reached XP level 4. HP: 39/39 MP: 7/7
  1908 | D:3      | Noticed Natasha
  1914 | D:3      | Slain by Natasha

Illustrated notes

Levels and vault maps discovered:
D:1:      grunt_arrival_crossed_arrows, layout_rooms, serial_glass,
          glass_columns_a, glass_columns_a, glass_columns_c, glass_columns_c
D:2:      layout_loops_ring, basic_ecumenical_altar, minmay_misc_feat_tiny,
          serial_bayou_crossing, uniq_crazy_yiuf_cottage, uniq_terence
D:3:      layout_basic, lemuel_doored_altar, vehumet_crystals, uniq_natasha

Skill      XL: |  1  2  3 |
---------------+----------+-----
Fighting       | 1 2 |  2.0
Short Blades   | 1 2 |  2.9
Dodging        | |  1.5
Stealth        | |  3.0
Spellcasting   | |  2.0
Conjurations   | |  1.0
Alchemy        | |  3.6

Action                     |  1- 3 |  4- 6 || total
---------------------------+-------+-------++-------
  Melee: Short sword       |    62 |     4 ||    66
         Unarmed           |     1 |       ||     1
         Punch             |     1 |       ||     1
   Fire: Sling             |     6 |       ||     6
   Cast: Sting             |     3 |       ||     3
Ability: Spit Poison       |    30 |     2 ||    32
    Use: Scroll            |       |     5 ||     5
 Armour: Plate armour      |    33 |       ||    33
         Robe              |     3 |       ||     3
         Leather armour    |    31 |       ||    31
         Ring mail         |     5 |    14 ||    19
  Dodge: Dodged            |    24 |     7 ||    31

Table legend: (Time is in decaauts)
 A = Elapsed time spent in this place.
 B = Non-inter-level travel time spent in this place.
 C = Inter-level travel time spent in this place.
 D = Time resting spent in this place.
 E = Time spent auto-exploring this place.
 F = Levels seen in this place.
 G = Mean time per level.
                   A        B        C        D        E       F      G
               +--------+--------+--------+--------+--------+-----+--------+
         Total |   2468 |   2347 |    121 |     18 |   1659 |   3 |  822.7 |
       Dungeon |   2468 |   2347 |    121 |     18 |   1659 |   3 |  822.7 |
               +--------+--------+--------+--------+--------+-----+--------+

Top non-repeatable levels by time:
     D:2: 1140 daAuts
     D:1: 796 daAuts
     D:3: 531 daAuts
